 Seeded DCSS version 0.29.1-15-g9cfb28693d (webtiles) character file.

Game seed: 1 (custom seed)

114 Kazon the Cudgeller (level 4, -5/48 HPs)
             Began as an Ogre Gladiator on Mar 27, 2023.
             Slain by an iguana (10 damage)
             ... on level 4 of the Dungeon.
             The game lasted 00:04:34 (1132 turns).

Kazon the Cudgeller (Ogre Gladiator)                Turns: 1132, Time: 00:04:34

Health: -5/48      AC:  3    Str: 18    XL:     4   Next: 98%
Magic:  4/4        EV: 10    Int: 11    God:
Gold:   148        SH:  0    Dex: 10    Spells: 3/3 levels left

rFire   . . .      SeeInvis .   f - +0 giant spiked club (spect)
rCold   . . .      Faith    .   (shield currently unavailable)
rNeg    . . .      Spirit   .   m - +0 robe
rPois   .          Reflect  .   c - +0 hat
rElec   .          Harm     .   (no cloak)
rCorr   .          Rampage  .   (gloves unavailable)
Will    .....                   (boots unavailable)
Stlth   +.........              g - amulet of the acrobat
HPRegen 0.16/turn               (no ring)
MPRegen 0.09/turn               (no ring)

@: no status effects
A: large, unfitting armour, tough skin 1
a: no special abilities


You were on level 4 of the Dungeon.
You visited 1 branch of the dungeon, and saw 3 of its levels.

You collected 148 gold pieces.

Inventory:

Hand Weapons
 a - a +0 flail
 f - a +0 spectral giant spiked club (weapon)
Missiles
 d - 3 throwing nets
 e - a large rock
 l - 9 stones (quivered)
Armour
 c - a +0 hat (worn)
 m - a +0 robe (worn)
Jewellery
 g - an amulet of the acrobat (around neck)
Scrolls
 k - 2 scrolls of identify {unknown}
 n - a scroll of noise {unknown}
Potions
 b - a potion of berserk rage {unknown}
 h - a potion of haste {unknown}
 i - a potion of flight {unknown}
 j - a potion of attraction {unknown}


   Skills:
 + Level 3.6 Fighting
 + Level 3.8 Maces & Flails
 + Level 2.3 Throwing
 + Level 3.4 Dodging
 + Level 0.2 Stealth


You had 3 spell levels left.
You didn't know any spells.
Your spell library contained the following spells:

 Spells                   Type           Power      Damage    Failure   Level
 Apportation              Tloc           0%         N/A       34%         1
 Necrotise                Necr           0%         1d4       34%         1
 Summon Small Mammal      Summ           0%         N/A       34%         1


Dungeon Overview and Level Annotations

Branches:
Dungeon (2/15)

Altars:


Innate Abilities, Weirdness & Mutations

You are too large for most types of armour.
You have tough skin. (AC +1)


Message History

Found a scroll labelled WUINOD ADGHU.
A scorpion comes into view.
You barely miss the scorpion.
Your +0 spectral giant spiked club hits the scorpion!!!
You kill the scorpion!
You have reached level 4!
An orc comes into view. It is wielding a +0 hand axe.
The orc shouts!
You hit the orc.
The orc is moderately wounded.
Your +0 spectral giant spiked club barely misses the orc.
The orc hits you with a +0 hand axe.
The orc closely misses your +0 spectral giant spiked club.
You sock the orc!
You kill the orc!
An iguana comes into view.
The iguana hisses angrily.
Throw: 10 stones
Press: ? - help, Q - select action, (/) - cycle Shift-Dir - straight line, f - iguana
Aim: an iguana (61% to hit)
You throw a stone.
The stone hits the iguana but does no damage.
Unknown command.
You completely miss the iguana. The iguana bites you!
You barely miss the iguana. The iguana barely misses you. The iguana bites you!
You closely miss the iguana. The iguana barely misses you.
The iguana bites you!
You barely miss the iguana. The iguana barely misses you.
You hit the iguana.
The iguana is moderately wounded.
The iguana closely misses you. The iguana bites you!
* * * LOW HITPOINT WARNING * * *
You barely miss the iguana.
The iguana is lightly wounded.
The iguana bites you!
* * * LOW HITPOINT WARNING * * *
You closely miss the iguana.
The iguana is lightly wounded.
The iguana completely misses you. The iguana bites you!
You die...

#.....#
##########'########
..?................
####...##......###
#.#.#######.#
#####.#.......#.#
......).....#.#.#
#############.##.# #.#
......l@......# ..#.#
#############......#.#
+......#.# #....#.#.#
#....# # #......
#.....#. .....#


You could see an iguana.

Vanquished Creatures
  A scorpion (D:4)
  2 adders (D:2)
  2 worms
  An orc (D:4)
  7 endoplasms
  A giant cockroach (D:1)
  4 goblins (D:1)
  3 hobgoblins
  2 kobolds
  A quokka (D:1)
  3 ball pythons
  2 bats
  A frilled lizard (D:2)
  3 rats (D:1)
33 creatures vanquished.

Notes
Turn   | Place    | Note
-------+----------+-------------------------------------------
     0 | D:1      | Kazon the Ogre Gladiator began the quest for the Orb.
     0 | D:1      | Reached XP level 1. HP: 22/22 MP: 1/1
    32 | D:1      | Identified a scroll of acquirement
    32 | D:1      | Acquired a +0 spectral giant spiked club
   118 | D:1      | Reached XP level 2. HP: 29/29 MP: 2/2
   704 | D:2      | Reached XP level 3. HP: 28/37 MP: 3/3
  1031 | D:2      | You fall into a shaft and drop 2 floors!
  1108 | D:4      | Noticed a scorpion
  1109 | D:4      | Killed a scorpion
  1110 | D:4      | Reached XP level 4. HP: 48/48 MP: 4/4
  1132 | D:4      | Slain by an iguana

Illustrated notes

Levels and vault maps discovered:
D:1:      dpeg_arrival_three_smaller_balls, layout_basic
D:2:      layout_loops_ring
D:4:      minmay_wonky_spiral, layout_basic,
          mainiacjoe_overflow_surrounded_room, minivault_5

Skill      XL: |  1  2 |
---------------+-------+-----
Dodging        | 3 |  3.4
Maces & Flails | 3 |  3.8
Fighting       | 3 |  3.6
Throwing       | |  2.3
Stealth        | |  0.2

Action                   |  1- 3 |  4- 6 || total
-------------------------+-------+-------++-------
Melee: Giant spiked club |    46 |     9 ||    55
       Flail             |     4 |       ||     4
Throw: Stone             |     1 |     1 ||     2
  Use: Scroll            |     1 |       ||     1
 Stab: Sleeping          |     1 |       ||     1
Armor: Robe              |    12 |       ||    12
Dodge: Dodged            |    30 |     5 ||    35
